Flames vs Bruins

Created - May 6 2012 at 14:54

Goals
1 2 3 T
Flames 1 0 1 2
Bruins 2 1 0 3
Shots
1 2 3 T
Flames 6 10 9 25
Bruins 8 9 4 21

Period #1

1. Flames , Michael Grabner 7 (Dan Boyle, Anze Kopitar) at 0:46 (PP)
2. Bruins , Chris Kunitz 5 (Jordan Leopold) at 2:48
3. Bruins , Jordan Leopold 8 (Dennis Seidenberg, Milan Lucic) at 14:26 (PP)

Penalties :
Dennis Seidenberg (BOS) for Roughing (Minor) at 0:42, Tomas Kopecky (CGY) for Roughing (Minor) at 5:18, Toni Lydman (CGY) for Hooking (Minor) at 5:31, Dustin Brown (CGY) for Hooking (Minor) at 8:05, Devin Setoguchi (CGY) for Slashing (Minor) at 11:03, Dustin Brown (CGY) for Holding Stick (Minor) at 14:01, Chris Kelly (BOS) for Holding (Minor) at 16:44

Period #2

4. Bruins , Patrice Bergeron 3 (Zach Bogosian, Zdeno Chara) at 12:20

Penalties :
Adam McQuaid (BOS) for Fighting (Major) at 8:00, Dan Boyle (CGY) for Fighting (Major) at 8:00, Chris Kelly (BOS) for High sticking (Minor) at 10:50, Jack Johnson (CGY) for Holding (Minor) at 10:50, David Krejci (BOS) for Fighting (Major) at 15:50, Brenden Morrow (CGY) for Fighting (Major) at 15:50

Period #3

5. Flames , Michael Grabner 8 (Andrew MacDonald, Dustin Brown) at 12:32 (PP)

Penalties :
Ryan Kesler (CGY) for High sticking (Minor) at 0:27, Dennis Seidenberg (BOS) for High sticking (Minor) at 4:58, Rich Peverley (BOS) for Interference (Minor) at 11:08, Ryan Kesler (CGY) for Slashing (Minor) at 16:00, Zdeno Chara (BOS) for Hooking (Minor) at 19:53

Goalie Stats

Tim Thomas (CGY), 18 saves from 21 shots - (0.857), L, 13-5-1, 59:24 minutes
Cam Ward (BOS), 23 saves from 25 shots - (0.920), W, 12-5-0, 60:00 minutes

Players Stats

Flames
Player Name              G  A  P  +/- PIM S  H  SB FO    MP 
------------------------------------------------------------
Andrew MacDonald         0  1  1  -1  0   0  0  0  0/0   13 
Anze Kopitar             0  1  1  -1  0   4  1  1  21/30 22 
Brenden Morrow           0  0  0  -1  5   3  0  0  0/0   20 
Dan Boyle                0  1  1   0  5   5  1  1  0/0   21 
Dan Hamhuis              0  0  0  -1  0   1  1  1  0/0   19 
David Jones              0  0  0   0  0   2  2  0  0/0   16 
Devin Setoguchi          0  0  0   0  2   0  0  0  0/0   8  
Dustin Brown             0  1  1  -1  4   1  1  0  0/1   12 
Jack Johnson             0  0  0   0  2   0  1  1  0/0   17 
John-Michael Liles       0  0  0   0  0   2  0  1  0/0   18 
Michael Grabner          2  0  2   0  0   3  0  0  0/2   15 
Mikael Samuelsson        0  0  0  -1  0   2  0  0  1/2   13 
Pierre-Marc Bouchard     0  0  0   0  0   1  0  1  1/2   7  
Robyn Regehr             0  0  0   0  0   0  1  1  0/0   14 
Ryan Kesler              0  0  0  -1  4   0  0  0  13/31 21 
Shawn Horcoff            0  0  0   0  0   1  1  1  6/12  14 
Tomas Kopecky            0  0  0   0  2   0  2  0  1/2   17 
Toni Lydman              0  0  0  -2  2   0  1  3  0/0   18 
Bruins
Player Name              G  A  P  +/- PIM S  H  SB FO    MP 
------------------------------------------------------------
Adam McQuaid             0  0  0   0  5   0  2  0  0/0   13 
Ales Hemsky              0  0  0   1  0   1  0  0  1/4   19 
Brad Marchand            0  0  0   0  0   1  1  0  0/1   15 
Chris Kelly              0  0  0   0  4   2  1  0  5/13  10 
Chris Kunitz             1  0  1   1  0   6  3  0  0/1   19 
David Krejci             0  0  0   1  5   0  1  0  12/26 20 
Dennis Seidenberg        0  1  1   0  4   1  1  0  0/0   21 
Derick Brassard          0  0  0   0  0   2  1  0  7/12  15 
Evander Kane             0  0  0   0  0   1  0  0  1/2   13 
Jordan Leopold           1  1  2   1  0   2  1  2  0/0   21 
Milan Lucic              0  1  1   0  0   1  2  1  2/4   17 
Nathan Horton            0  0  0   0  0   0  0  0  1/2   13 
Patrice Bergeron         1  0  1   1  0   2  0  0  9/14  10 
Rich Peverley            0  0  0   0  2   0  0  0  0/1   10 
Tobias Enstrom           0  0  0   1  0   1  0  0  0/0   19 
Tyler Seguin             0  0  0   1  0   0  0  0  1/2   15 
Zach Bogosian            0  1  1   1  0   0  0  0  0/0   19 
Zdeno Chara              0  1  1   1  2   1  0  3  0/0   25 

3 Stars

1 - Michael Grabner (CGY)
2 - Jordan Leopold (BOS)
3 - Chris Kunitz (BOS)

Power Play

Flames - 2 on 5 Attempt(s) - 40.00%
Bruins - 1 on 7 Attempt(s) - 14.29%

Penalty Kill

Flames - 6 on 7 Attempt(s) - 85.71% - Score 0 goal in Penalty Kill
Bruins - 3 on 5 Attempt(s) - 60.00% - Score 0 goal in Penalty Kill

Game Notes

Adam McQuaid and Dan Boyle fight to a draw at 8:00 of 2nd period
David Krejci beats up Brenden Morrow at 15:50 of 2nd period

Finance

Level 1 -- Attendance: 6500 (100.00%) -- Ticket Income $487,500.00
Level 2 -- Attendance: 5000 (100.00%) -- Ticket Income $250,000.00
Level 3 -- Attendance: 3500 (100.00%) -- Ticket Income $105,000.00
Level 4 -- Attendance: 1565 (100.00%) -- Ticket Income $31,300.00
Luxury Box -- Attendance: 1000 (100.00%) -- Ticket Income $150,000.00
Game was played at the TD Garden
Total Attendance: 17565 (100.00%)
Total Ticket Income: $1,111,362.00
Other Income: $333,408.49
Total Income: $1,444,770.00


Play by Play

Period #1

0:01 of 1st period - Patrice Bergeron wins face-off versus Ryan Kesler in neutral zone.
0:42 of 1st period - Minor Penalty to Dennis Seidenberg for Roughing.
0:43 of 1st period - Anze Kopitar wins face-off versus David Krejci in Bruins zone.
0:46 of 1st period - Shot by Michael Grabner.
0:46 of 1st period - Goal by Michael Grabner - Flames : 1 - Bruins : 0.
0:47 of 1st period - Anze Kopitar wins face-off versus David Krejci in neutral zone.
1:03 of 1st period - Icing by Andrew MacDonald.
1:04 of 1st period - Anze Kopitar wins face-off versus Derick Brassard in Flames zone.
1:53 of 1st period - David Jones is hit by Brad Marchand and loses puck.
2:09 of 1st period - Icing by David Krejci.
2:10 of 1st period - David Krejci wins face-off versus Ryan Kesler in Bruins zone.
2:21 of 1st period - Dan Hamhuis is hit by Chris Kunitz and loses puck.
2:48 of 1st period - Shot by Chris Kunitz.
2:48 of 1st period - Goal by Chris Kunitz - Flames : 1 - Bruins : 1.
2:49 of 1st period - Shawn Horcoff wins face-off versus Chris Kelly in neutral zone.
3:09 of 1st period - Off-side.
3:10 of 1st period - Patrice Bergeron wins face-off versus Anze Kopitar in neutral zone.
3:36 of 1st period - Shot by Milan Lucic.
3:36 of 1st period - Shot Misses the Net.
3:38 of 1st period - Shot by Nathan Horton.
3:38 of 1st period - Shot Misses the Net.
3:40 of 1st period - Shot by Milan Lucic.
3:40 of 1st period - Shot Misses the Net.
3:47 of 1st period - Milan Lucic is hit by Robyn Regehr and loses puck.
3:57 of 1st period - Dan Boyle is hit by Jordan Leopold and loses puck.
4:05 of 1st period - Icing by Jordan Leopold.
4:06 of 1st period - David Krejci wins face-off versus Ryan Kesler in Bruins zone.
4:27 of 1st period - Shot by Chris Kunitz.
4:27 of 1st period - Stopped by Tim Thomas without a rebound.
4:28 of 1st period - Tomas Kopecky wins face-off versus Chris Kelly in Flames zone.
4:42 of 1st period - Rich Peverley is hit by Tomas Kopecky.
4:44 of 1st period - Shot by Dennis Seidenberg.
4:44 of 1st period - Shot Blocked by John-Michael Liles.
4:46 of 1st period - Shot by Chris Kelly.
4:46 of 1st period - Shot Misses the Net.
4:50 of 1st period - Shot by Adam McQuaid.
4:50 of 1st period - Shot Misses the Net.
4:52 of 1st period - Shot by Chris Kelly.
4:52 of 1st period - Shot Misses the Net.
5:18 of 1st period - Minor Penalty to Tomas Kopecky for Roughing.
5:19 of 1st period - David Krejci wins face-off versus Ryan Kesler in Flames zone.
5:21 of 1st period - Chris Kunitz is hit by Toni Lydman and loses puck.
5:31 of 1st period - Minor Penalty to Toni Lydman for Hooking.
5:32 of 1st period - Tyler Seguin wins face-off versus Anze Kopitar in Flames zone.
5:51 of 1st period - Shot by Milan Lucic.
5:51 of 1st period - Stopped by Tim Thomas without a rebound.
5:52 of 1st period - Ryan Kesler wins face-off versus David Krejci in Flames zone.
6:18 of 1st period - Shot by Chris Kunitz.
6:18 of 1st period - Deflect By David Krejci.
6:18 of 1st period - Shot Misses the Net.
6:20 of 1st period - Shot by Ales Hemsky.
6:20 of 1st period - Deflect By Chris Kunitz.
6:20 of 1st period - Shot Misses the Net.
7:20 of 1st period - Shot by Nathan Horton.
7:20 of 1st period - Shot Misses the Net.
7:22 of 1st period - Shot by Nathan Horton.
7:22 of 1st period - Shot Misses the Net.
7:26 of 1st period - Shot by Nathan Horton.
7:26 of 1st period - Shot Blocked by Dan Hamhuis.
8:04 of 1st period - Shot by David Jones.
8:04 of 1st period - Stopped by Cam Ward without a rebound.
8:05 of 1st period - David Krejci wins face-off versus Anze Kopitar in Bruins zone.
8:05 of 1st period - Minor Penalty to Dustin Brown for Hooking.
8:06 of 1st period - Anze Kopitar wins face-off versus David Krejci in Flames zone.
8:22 of 1st period - Icing by David Krejci.
8:23 of 1st period - Anze Kopitar wins face-off versus David Krejci in Bruins zone.
8:36 of 1st period - Shot by Anze Kopitar.
8:36 of 1st period - Shot Misses the Net.
8:38 of 1st period - Shot by Dan Boyle.
8:38 of 1st period - Stopped by Cam Ward with a rebound.
9:23 of 1st period - Shot by Jordan Leopold.
9:23 of 1st period - Shot Blocked by Dan Boyle.
10:28 of 1st period - Brad Marchand is hit by Shawn Horcoff and loses puck.
10:42 of 1st period - Off-side.
10:43 of 1st period - Pierre-Marc Bouchard wins face-off versus Chris Kelly in neutral zone.
11:03 of 1st period - Minor Penalty to Devin Setoguchi for Slashing.
11:04 of 1st period - David Krejci wins face-off versus Ryan Kesler in Flames zone.
11:29 of 1st period - Shot by Tobias Enstrom.
11:29 of 1st period - Shot Misses the Net.
11:31 of 1st period - Shot by Zdeno Chara.
11:31 of 1st period - Shot Hit the Post.
11:33 of 1st period - Shot by Ales Hemsky.
11:33 of 1st period - Shot Misses the Net.
11:35 of 1st period - Shot by David Krejci.
11:35 of 1st period - Shot Misses the Net.
11:37 of 1st period - Shot by Chris Kunitz.
11:37 of 1st period - Shot Misses the Net.
13:51 of 1st period - John-Michael Liles is hit by Derick Brassard and loses puck.
14:01 of 1st period - Minor Penalty to Dustin Brown for Holding Stick.
14:02 of 1st period - Ryan Kesler wins face-off versus Tyler Seguin in Flames zone.
14:16 of 1st period - Shot by Milan Lucic.
14:16 of 1st period - Shot Misses the Net.
14:20 of 1st period - Shot by Jordan Leopold.
14:20 of 1st period - Stopped by Tim Thomas with a rebound.
14:22 of 1st period - Shot by Milan Lucic.
14:22 of 1st period - Shot Blocked by Toni Lydman.
14:24 of 1st period - Shot by Dennis Seidenberg.
14:24 of 1st period - Shot Blocked by Toni Lydman.
14:26 of 1st period - Shot by Jordan Leopold.
14:26 of 1st period - Goal by Jordan Leopold - Flames : 1 - Bruins : 2.
14:27 of 1st period - Anze Kopitar wins face-off versus David Krejci in neutral zone.
14:30 of 1st period - Tobias Enstrom is hit by Anze Kopitar and loses puck.
14:44 of 1st period - Shot by Chris Kunitz.
14:44 of 1st period - Stopped by Tim Thomas without a rebound.
14:45 of 1st period - Patrice Bergeron wins face-off versus Pierre-Marc Bouchard in Flames zone.
15:11 of 1st period - Shot by Milan Lucic.
15:11 of 1st period - Shot Misses the Net.
15:13 of 1st period - Shot by Milan Lucic.
15:13 of 1st period - Shot Blocked by Pierre-Marc Bouchard.
15:15 of 1st period - Shot by Patrice Bergeron.
15:15 of 1st period - Shot Blocked by Robyn Regehr.
15:17 of 1st period - Shot by Patrice Bergeron.
15:17 of 1st period - Shot Misses the Net.
15:48 of 1st period - Dan Boyle is hit by Chris Kunitz and loses puck.
16:44 of 1st period - Minor Penalty to Chris Kelly for Holding.
16:45 of 1st period - Patrice Bergeron wins face-off versus Ryan Kesler in Bruins zone.
16:51 of 1st period - Icing by Jack Johnson.
16:52 of 1st period - Patrice Bergeron wins face-off versus Ryan Kesler in Flames zone.
17:10 of 1st period - Shot by Brenden Morrow.
17:10 of 1st period - Stopped by Cam Ward without a rebound.
17:11 of 1st period - Ryan Kesler wins face-off versus David Krejci in Bruins zone.
17:28 of 1st period - Shot by Jack Johnson.
17:28 of 1st period - Shot Blocked by Milan Lucic.
18:16 of 1st period - Icing by Andrew MacDonald.
18:17 of 1st period - Mikael Samuelsson wins face-off versus David Krejci in Flames zone.
18:21 of 1st period - Off-side.
18:22 of 1st period - David Krejci wins face-off versus Mikael Samuelsson in neutral zone.
18:59 of 1st period - Shot by Chris Kunitz.
18:59 of 1st period - Stopped by Tim Thomas without a rebound.
19:00 of 1st period - Ryan Kesler wins face-off versus Chris Kelly in Flames zone.
19:17 of 1st period - Shot by Ryan Kesler.
19:17 of 1st period - Deflect By Brenden Morrow.
19:17 of 1st period - Stopped by Cam Ward without a rebound.
19:18 of 1st period - Anze Kopitar wins face-off versus Ales Hemsky in Bruins zone.
19:27 of 1st period - Shot by Dan Boyle.
19:27 of 1st period - Stopped by Cam Ward without a rebound.
19:28 of 1st period - Derick Brassard wins face-off versus Shawn Horcoff in Bruins zone.
19:44 of 1st period - Icing by Zdeno Chara.
19:45 of 1st period - Anze Kopitar wins face-off versus Brad Marchand in Bruins zone.
19:49 of 1st period - Icing by Zdeno Chara.
19:50 of 1st period - Derick Brassard wins face-off versus Ryan Kesler in Bruins zone.
19:59 of 1st period - Shot by Derick Brassard.
19:59 of 1st period - Stopped by Tim Thomas without a rebound.

Period #2

0:01 of 2nd period - Patrice Bergeron wins face-off versus Ryan Kesler in neutral zone.
0:30 of 2nd period - Ryan Kesler is hit by Dennis Seidenberg and loses puck.
0:39 of 2nd period - Shot by Patrice Bergeron.
0:39 of 2nd period - Stopped by Tim Thomas without a rebound.
0:40 of 2nd period - Anze Kopitar wins face-off versus Chris Kunitz in Flames zone.
0:51 of 2nd period - Shot by Anze Kopitar.
0:51 of 2nd period - Stopped by Cam Ward without a rebound.
0:52 of 2nd period - Shawn Horcoff wins face-off versus Derick Brassard in Bruins zone.
1:55 of 2nd period - Shot by Michael Grabner.
1:55 of 2nd period - Stopped by Cam Ward without a rebound.
1:56 of 2nd period - Ryan Kesler wins face-off versus David Krejci in Bruins zone.
2:01 of 2nd period - Shot by Brenden Morrow.
2:01 of 2nd period - Shot Misses the Net.
2:05 of 2nd period - Shot by Mikael Samuelsson.
2:05 of 2nd period - Shot Misses the Net.
2:07 of 2nd period - Shot by Dan Hamhuis.
2:07 of 2nd period - Stopped by Cam Ward without a rebound.
2:08 of 2nd period - Anze Kopitar wins face-off versus Chris Kelly in Bruins zone.
2:16 of 2nd period - Pierre-Marc Bouchard is hit by Adam McQuaid and loses puck.
2:19 of 2nd period - Shot by Pierre-Marc Bouchard.
2:19 of 2nd period - Stopped by Cam Ward without a rebound.
2:20 of 2nd period - Ryan Kesler wins face-off versus David Krejci in Bruins zone.
2:43 of 2nd period - Shot by Brenden Morrow.
2:43 of 2nd period - Shot Misses the Net.
2:45 of 2nd period - Shot by Mikael Samuelsson.
2:45 of 2nd period - Stopped by Cam Ward without a rebound.
2:46 of 2nd period - Anze Kopitar wins face-off versus Chris Kelly in Bruins zone.
4:15 of 2nd period - Shot by Ales Hemsky.
4:15 of 2nd period - Stopped by Tim Thomas without a rebound.
4:16 of 2nd period - Shawn Horcoff wins face-off versus Derick Brassard in Flames zone.
4:51 of 2nd period - Shot by David Jones.
4:51 of 2nd period - Stopped by Cam Ward with a rebound.
4:55 of 2nd period - Shot by John-Michael Liles.
4:55 of 2nd period - Stopped by Cam Ward without a rebound.
4:56 of 2nd period - Chris Kelly wins face-off versus Ryan Kesler in Bruins zone.
6:07 of 2nd period - Shot by Anze Kopitar.
6:07 of 2nd period - Stopped by Cam Ward without a rebound.
6:08 of 2nd period - Derick Brassard wins face-off versus Shawn Horcoff in Bruins zone.
6:08 of 2nd period - Derick Brassard is hit by David Jones.
6:39 of 2nd period - Zach Bogosian is hit by Jack Johnson and loses puck.
7:24 of 2nd period - Jordan Leopold is hit by Dustin Brown and loses puck.
8:00 of 2nd period - Adam McQuaid and Dan Boyle fight to a draw.
8:00 of 2nd period - Penalty to Adam McQuaid for Fighting.
8:00 of 2nd period - Penalty to Dan Boyle for Fighting.
8:01 of 2nd period - Ryan Kesler wins face-off versus Chris Kelly in Flames zone.
8:24 of 2nd period - Dan Hamhuis is hit by Chris Kelly and loses puck.
8:37 of 2nd period - Shot by Ryan Kesler.
8:37 of 2nd period - Shot Misses the Net.
9:27 of 2nd period - Icing by John-Michael Liles.
9:28 of 2nd period - David Krejci wins face-off versus Tomas Kopecky in Flames zone.
9:37 of 2nd period - Shot by Chris Kunitz.
9:37 of 2nd period - Deflect By David Krejci.
9:37 of 2nd period - Shot Misses the Net.
9:39 of 2nd period - Shot by Chris Kunitz.
9:39 of 2nd period - Stopped by Tim Thomas without a rebound.
9:40 of 2nd period - Derick Brassard wins face-off versus Anze Kopitar in Flames zone.
9:49 of 2nd period - Shot by Evander Kane.
9:49 of 2nd period - Shot Misses the Net.
9:51 of 2nd period - Shot by Zdeno Chara.
9:51 of 2nd period - Stopped by Tim Thomas without a rebound.
9:52 of 2nd period - David Krejci wins face-off versus Anze Kopitar in Flames zone.
10:50 of 2nd period - Minor Penalty to Chris Kelly for High sticking.
10:50 of 2nd period - Minor Penalty to Jack Johnson for Holding.
10:51 of 2nd period - Ryan Kesler wins face-off versus Patrice Bergeron in Flames zone.
11:02 of 2nd period - Shot by Ryan Kesler.
11:02 of 2nd period - Shot Misses the Net.
11:06 of 2nd period - Shot by Ryan Kesler.
11:06 of 2nd period - Shot Misses the Net.
11:08 of 2nd period - Shot by Ryan Kesler.
11:08 of 2nd period - Shot Blocked by Zdeno Chara.
11:12 of 2nd period - Shot by Brenden Morrow.
11:12 of 2nd period - Stopped by Cam Ward without a rebound.
11:13 of 2nd period - Ryan Kesler wins face-off versus Rich Peverley in Bruins zone.
12:20 of 2nd period - Shot by Patrice Bergeron.
12:20 of 2nd period - Goal by Patrice Bergeron - Flames : 1 - Bruins : 3.
12:21 of 2nd period - Nathan Horton wins face-off versus Ryan Kesler in neutral zone.
13:06 of 2nd period - Shot by David Jones.
13:06 of 2nd period - Shot Misses the Net.
13:12 of 2nd period - Brad Marchand is hit by David Jones and loses puck.
13:24 of 2nd period - Icing by Jack Johnson.
13:25 of 2nd period - David Krejci wins face-off versus Shawn Horcoff in Flames zone.
14:23 of 2nd period - Icing by Pierre-Marc Bouchard.
14:24 of 2nd period - Patrice Bergeron wins face-off versus Anze Kopitar in Flames zone.
14:27 of 2nd period - Shot by Patrice Bergeron.
14:27 of 2nd period - Shot Blocked by Anze Kopitar.
15:07 of 2nd period - Off-side.
15:08 of 2nd period - Chris Kelly wins face-off versus Ryan Kesler in neutral zone.
15:32 of 2nd period - Shot by Chris Kelly.
15:32 of 2nd period - Stopped by Tim Thomas without a rebound.
15:33 of 2nd period - Anze Kopitar wins face-off versus David Krejci in Flames zone.
15:33 of 2nd period - Dan Boyle is hit by Chris Kunitz and loses puck.
15:37 of 2nd period - Dustin Brown is hit by David Krejci and loses puck.
15:45 of 2nd period - Icing by Ales Hemsky.
15:46 of 2nd period - Ales Hemsky wins face-off versus Ryan Kesler in Bruins zone.
15:50 of 2nd period - David Krejci beats up Brenden Morrow.
15:50 of 2nd period - Penalty to David Krejci for Fighting.
15:50 of 2nd period - Penalty to Brenden Morrow for Fighting.
15:51 of 2nd period - Evander Kane wins face-off versus Ryan Kesler in neutral zone.
16:23 of 2nd period - Shot by Brad Marchand.
16:23 of 2nd period - Deflect By Evander Kane.
16:23 of 2nd period - Stopped by Tim Thomas with a rebound.
16:27 of 2nd period - Shot by Derick Brassard.
16:27 of 2nd period - Stopped by Tim Thomas without a rebound.
16:28 of 2nd period - Shawn Horcoff wins face-off versus Milan Lucic in Flames zone.
16:28 of 2nd period - Shawn Horcoff is hit by Milan Lucic.
17:49 of 2nd period - Icing by Dan Boyle.
17:50 of 2nd period - Derick Brassard wins face-off versus Anze Kopitar in Flames zone.
18:27 of 2nd period - Shot by Brad Marchand.
18:27 of 2nd period - Stopped by Tim Thomas without a rebound.
18:28 of 2nd period - Chris Kelly wins face-off versus Shawn Horcoff in Flames zone.
19:33 of 2nd period - Shot by Mikael Samuelsson.
19:33 of 2nd period - Stopped by Cam Ward without a rebound.
19:34 of 2nd period - Anze Kopitar wins face-off versus Derick Brassard in Bruins zone.

Period #3

0:01 of 3rd period - Patrice Bergeron wins face-off versus Ryan Kesler in neutral zone.
0:12 of 3rd period - Shot by Milan Lucic.
0:12 of 3rd period - Shot Hit the Post.
0:22 of 3rd period - Shot by Milan Lucic.
0:22 of 3rd period - Shot Misses the Net.
0:27 of 3rd period - Minor Penalty to Ryan Kesler for High sticking.
0:28 of 3rd period - Anze Kopitar wins face-off versus Derick Brassard in Flames zone.
2:35 of 3rd period - Shot by Evander Kane.
2:35 of 3rd period - Deflect By Derick Brassard.
2:35 of 3rd period - Shot Blocked by Jack Johnson.
4:12 of 3rd period - Shot by Chris Kunitz.
4:12 of 3rd period - Shot Misses the Net.
4:34 of 3rd period - Icing by Jordan Leopold.
4:35 of 3rd period - Anze Kopitar wins face-off versus David Krejci in Bruins zone.
4:36 of 3rd period - Shot by Dan Boyle.
4:36 of 3rd period - Stopped by Cam Ward without a rebound.
4:37 of 3rd period - Anze Kopitar wins face-off versus Chris Kelly in Bruins zone.
4:41 of 3rd period - Michael Grabner is hit by Adam McQuaid and loses puck.
4:58 of 3rd period - Shot by Anze Kopitar.
4:58 of 3rd period - Stopped by Cam Ward without a rebound.
4:58 of 3rd period - Minor Penalty to Dennis Seidenberg for High sticking.
4:59 of 3rd period - Ryan Kesler wins face-off versus Patrice Bergeron in Bruins zone.
5:04 of 3rd period - Shot by Ryan Kesler.
5:04 of 3rd period - Shot Misses the Net.
5:06 of 3rd period - Shot by John-Michael Liles.
5:06 of 3rd period - Shot Blocked by Jordan Leopold.
5:08 of 3rd period - Shot by John-Michael Liles.
5:08 of 3rd period - Shot Misses the Net.
5:10 of 3rd period - Shot by Ryan Kesler.
5:10 of 3rd period - Shot Misses the Net.
5:12 of 3rd period - Shot by John-Michael Liles.
5:12 of 3rd period - Stopped by Cam Ward without a rebound.
5:13 of 3rd period - David Krejci wins face-off versus Ryan Kesler in Bruins zone.
6:14 of 3rd period - Shot by Dan Boyle.
6:14 of 3rd period - Stopped by Cam Ward without a rebound.
6:15 of 3rd period - Patrice Bergeron wins face-off versus Anze Kopitar in Bruins zone.
6:45 of 3rd period - Shot by Michael Grabner.
6:45 of 3rd period - Shot Blocked by Jordan Leopold.
9:41 of 3rd period - Ales Hemsky is hit by Dan Boyle and loses puck.
9:45 of 3rd period - Icing by Dan Boyle.
9:46 of 3rd period - Chris Kelly wins face-off versus Anze Kopitar in Flames zone.
9:55 of 3rd period - Shot by Chris Kelly.
9:55 of 3rd period - Stopped by Tim Thomas without a rebound.
9:56 of 3rd period - Anze Kopitar wins face-off versus David Krejci in Flames zone.
10:30 of 3rd period - Shot by Anze Kopitar.
10:30 of 3rd period - Stopped by Cam Ward without a rebound.
10:31 of 3rd period - Chris Kelly wins face-off versus Shawn Horcoff in Bruins zone.
11:08 of 3rd period - Minor Penalty to Rich Peverley for Interference.
11:09 of 3rd period - Anze Kopitar wins face-off versus Patrice Bergeron in Bruins zone.
11:18 of 3rd period - Shot by Anze Kopitar.
11:18 of 3rd period - Shot Blocked by Zdeno Chara.
11:20 of 3rd period - Shot by Dan Boyle.
11:20 of 3rd period - Shot Misses the Net.
12:26 of 3rd period - Shot by Michael Grabner.
12:26 of 3rd period - Shot Hit the Post.
12:28 of 3rd period - Shot by Andrew MacDonald.
12:28 of 3rd period - Shot Misses the Net.
12:32 of 3rd period - Shot by Michael Grabner.
12:32 of 3rd period - Goal by Michael Grabner - Flames : 2 - Bruins : 3.
12:33 of 3rd period - David Krejci wins face-off versus Ryan Kesler in neutral zone.
13:34 of 3rd period - Shot by Dan Boyle.
13:34 of 3rd period - Stopped by Cam Ward without a rebound.
13:35 of 3rd period - Anze Kopitar wins face-off versus Evander Kane in Bruins zone.
13:44 of 3rd period - Shot by Dustin Brown.
13:44 of 3rd period - Stopped by Cam Ward without a rebound.
13:45 of 3rd period - Shawn Horcoff wins face-off versus Patrice Bergeron in Bruins zone.
13:48 of 3rd period - Shot by David Jones.
13:48 of 3rd period - Deflect By Shawn Horcoff.
13:48 of 3rd period - Stopped by Cam Ward without a rebound.
13:49 of 3rd period - Derick Brassard wins face-off versus Shawn Horcoff in Bruins zone.
13:49 of 3rd period - Derick Brassard is hit by Tomas Kopecky.
13:59 of 3rd period - Shot by Evander Kane.
13:59 of 3rd period - Shot Blocked by Shawn Horcoff.
14:12 of 3rd period - Icing by Evander Kane.
14:13 of 3rd period - Derick Brassard wins face-off versus Dustin Brown in Bruins zone.
15:10 of 3rd period - Shot by Dennis Seidenberg.
15:10 of 3rd period - Stopped by Tim Thomas without a rebound.
15:11 of 3rd period - David Krejci wins face-off versus Ryan Kesler in Flames zone.
15:11 of 3rd period - David Krejci is hit by Dan Hamhuis.
15:17 of 3rd period - Shot by Chris Kunitz.
15:17 of 3rd period - Stopped by Tim Thomas without a rebound.
15:18 of 3rd period - Shawn Horcoff wins face-off versus Ales Hemsky in Flames zone.
15:42 of 3rd period - Off-side.
15:43 of 3rd period - Ryan Kesler wins face-off versus Nathan Horton in neutral zone.
15:43 of 3rd period - Ryan Kesler is hit by Milan Lucic.
15:56 of 3rd period - Off-side.
15:57 of 3rd period - Ryan Kesler wins face-off versus Ales Hemsky in neutral zone.
16:00 of 3rd period - Minor Penalty to Ryan Kesler for Slashing.
16:01 of 3rd period - Milan Lucic wins face-off versus Michael Grabner in Flames zone.
16:40 of 3rd period - Shot by Milan Lucic.
16:40 of 3rd period - Shot Blocked by Toni Lydman.
16:58 of 3rd period - Shot by Tobias Enstrom.
16:58 of 3rd period - Stopped by Tim Thomas without a rebound.
16:59 of 3rd period - Anze Kopitar wins face-off versus David Krejci in Flames zone.
17:51 of 3rd period - Shot by Dennis Seidenberg.
17:51 of 3rd period - Shot Misses the Net.
17:53 of 3rd period - Shot by Milan Lucic.
17:53 of 3rd period - Shot Misses the Net.
17:55 of 3rd period - Shot by Dennis Seidenberg.
17:55 of 3rd period - Shot Misses the Net.
17:57 of 3rd period - Shot by Tyler Seguin.
17:57 of 3rd period - Shot Misses the Net.
17:59 of 3rd period - Shot by Milan Lucic.
17:59 of 3rd period - Shot Misses the Net.
19:07 of 3rd period - Icing by Andrew MacDonald.
19:08 of 3rd period - Milan Lucic wins face-off versus Michael Grabner in Flames zone.
19:22 of 3rd period - Icing by Nathan Horton.
19:23 of 3rd period - Ryan Kesler wins face-off versus Milan Lucic in Bruins zone.
19:24 of 3rd period - Flames, Tim Thomas is pulled from the net.
19:50 of 3rd period - Shot by Brenden Morrow.
19:50 of 3rd period - Shot Blocked by Zdeno Chara.
19:53 of 3rd period - Minor Penalty to Zdeno Chara for Hooking.
19:54 of 3rd period - Anze Kopitar wins face-off versus Patrice Bergeron in Bruins zone.
19:57 of 3rd period - Shot by Dan Boyle.
19:57 of 3rd period - Shot Misses the Net.


Output by the SimonT Hockey Simulator (STHS) for Stephane Roy -- Original Page W3C XHTML 1.0 Valid